 Dungeon Crawl Stone Soup version 0.27.0-1-g7a089689b8 (webtiles) character file.

Game seed: 5492536556360857794

65 horus123 the Shooter (level 3, -2/21 HPs)
             Began as a Deep Elf Hunter on Aug 14, 2021.
             Slain by an orc warrior (11 damage)
             ... on level 4 of the Dungeon.
             The game lasted 00:02:29 (974 turns).

horus123 the Shooter (Deep Elf Hunter)               Turns: 974, Time: 00:02:29

Health: -2/21      AC:  4    Str:  9    XL:     3   Next: 94%
Magic:  5/5        EV: 12    Int: 15    God:
Gold:   34         SH:  0    Dex: 16    Spells: 2/2 levels left

rFire    . . .     SeeInvis .   a - +1 shortbow
rCold    . . .     Faith    .   (shield currently unavailable)
rNeg     . . .     Spirit   .   c - +0 leather armour
rPois    .         Reflect  .   (no helmet)
rElec    .         Harm     .   (no cloak)
rCorr    .         Rampage  .   e - +0 pair of gloves
Will     .....                  (no boots)
Stlth    ++........             (no amulet)
HPRegen  0.07/turn              (no ring)
MPRegen  0.09/turn              (no ring)

@: no status effects
A: no striking features
a: no special abilities


You were on level 4 of the Dungeon.
You visited 1 branch of the dungeon, and saw 3 of its levels.

You collected 34 gold pieces.

Inventory:

Hand Weapons
 a - a +1 shortbow (weapon)
 b - a +0 short sword
Missiles
 d - 32 arrows (quivered ammo)
Armour
 c - a +0 leather armour (worn)
 e - a +0 pair of gloves (worn)
Jewellery
 g - a ring of poison resistance
Wands
 i - a wand of iceblast (8)
Scrolls
 h - a scroll of fear {unknown}
Potions
 f - a potion of heal wounds


   Skills:
 + Level 1.8 Fighting
 * Level 6.9 Bows
 + Level 2.6 Dodging
 * Level 2.0 Stealth


You had 2 spell levels left.
You didn't know any spells.
Your spell library was empty.

Dungeon Overview and Level Annotations

Branches:
Dungeon (2/15)

Altars:


Message History

A hobgoblin comes into view.
You see here 14 gold pieces.
You now have 34 gold pieces (gained 14).
You shoot an arrow. The orc shouts!
The arrow hits the hound skeleton.
The hound skeleton is lightly damaged.
You shoot an arrow.
The arrow barely misses the hound skeleton.
The hound skeleton bites you.
You shoot an arrow. The arrow hits the hound skeleton.
The hound skeleton is lightly damaged.
An orc comes into view. It is wielding a +0 hand axe.
The hound skeleton barely misses you.
You shoot an arrow. The orc shouts!
The arrow hits the hound skeleton.
The hound skeleton is moderately damaged.
You hear a shout!
The hound skeleton bites you but does no damage. x2
You shoot an arrow. The arrow hits the hound skeleton!
The hound skeleton is severely damaged.
The hound skeleton closely misses you. The hobgoblin hits you.
You shoot an arrow. The arrow hits the hound skeleton.
The hound skeleton is severely damaged.
The hound skeleton bites you but does no damage.
You shoot an arrow. The arrow hits the hound skeleton!
You destroy the hound skeleton!
The hobgoblin hits you.
You shoot an arrow.
The arrow hits the orc but does no damage.
The hobgoblin barely misses you. The orc barely misses you.
You shoot an arrow. The arrow barely misses the orc.
The hobgoblin hits you. The orc barely misses you.
You shoot an arrow.
The arrow hits the orc but does no damage.
The hobgoblin hits you. The orc hits you with a +0 hand axe. x2
The orc warrior hits you from afar with a +0 halberd!
Ouch! That really hurt!
You die...

#.... #.... .# #....
..##.# # # #....
#.##.#.#
#.#....##.##.#.####
#....!............##
####..o##.##.#......
......go...>........
####(.o@..........#
#.........#.# #
#.#.##.#..#.##.##.
#.#. #.#.†........ #
.. ..##.#.##.##.
##...###........
#... ###.##.## #...
.# # #... .#


You could see an orc warrior, 2 orcs and a hobgoblin.

Vanquished Creatures
  A hound skeleton (D:4)
  A gnoll (D:1)
  A dart slug (D:1)
  4 endoplasms (D:1)
  A giant cockroach (D:1)
  2 goblins (D:1)
  A hobgoblin (D:1)
  11 jackals
  7 kobolds (D:1)
  5 bats (D:1)
  A frilled lizard (D:1)
  3 rats (D:1)
38 creatures vanquished.

Notes
Turn   | Place    | Note
-------+----------+-------------------------------------------
     0 | D:1      | horus123 the Deep Elf Hunter began the quest for the Orb.
     0 | D:1      | Reached XP level 1. HP: 12/12 MP: 3/3
    36 | D:1      | Reached XP level 2. HP: 16/16 MP: 4/4
    55 | D:1      | Reached skill level 6 in Bows
   243 | D:1      | Reached XP level 3. HP: 20/20 MP: 5/5
   925 | D:2      | You fall into a shaft and drop 2 floors!
   962 | D:4      | Noticed an orc warrior
   974 | D:4      | Slain by an orc warrior

Illustrated notes

Levels and vault maps discovered:
D:1:      heliophobic_arrival_battle_scene, layout_loops_cross, minmay_unequal
D:2:      minmay_skewed_foursquare, layout_basic, ebering_ecumenical_altar_hall
D:4:      layout_basic, mainiacjoe_overflow_small_starburst,
          minmay_temple_entry_purple_smoke

Skill      XL: |  1  2  3 |
---------------+----------+-----
Bows           | 6 |  6.9
Stealth        | 2 |  2.0
Fighting       | |  1.8
Dodging        | |  2.6

Action                   || total
-------------------------++-------
 Fire: Shortbow          ||   102
  Use: Scroll            ||     2
Armor: Leather armour    ||     8
Dodge: Dodged            ||    31
